APP
PRINCETON RAYS @ GREENEVILLE ASTROS
10/23/2046
 
TOP OF THE 1ST
Pulaski Yankees batting - Pitching for Oakland (APP) Athletics : RHP Chris Spice
Pitching: RHP Chris Spice
Batting: RHB Victor Quinones 0-0: Ground out 4-3 (Groundball, 4, EV 105.6 MPH)
Batting: RHB Stephen Charbonneau 0-0: Ball
1-0: Ground out 6-3 (Groundball, 6MD, EV 111.3 MPH)
Batting: LHB Yao-pang Tien 0-0: Called Strike
0-1: Ball
1-1: Fly out, F8 (Flyball, 8RS, EV 89.4 MPH)
Top of the 1st over - 0 runs, 0 hits, 0 errors, 0 left on base; Pulaski 0 - Oakland (APP) 0
BOTTOM OF THE 1ST
Oakland (APP) Athletics batting - Pitching for Pulaski Yankees : LHP Andy Tofio
Pitching: LHP Andy Tofio
Batting: RHB Danny Murillo 0-0: Ball
1-0: Swinging Strike
1-1: Ball
2-1: Ball
3-1: Fly out, F9 (Flyball, 9LS, EV 90.6 MPH)
Batting: LHB Dave Talbert 0-0: Ball
1-0: Ball
2-0: Swinging Strike
2-1: Foul Ball, location: 2F
2-2: Strikes out swinging
Batting: RHB Stu Rancourt 0-0: Called Strike
0-1: Ball
1-1: Ground out 6-3 (Groundball, 6, EV 81.9 MPH)
Bottom of the 1st over - 0 runs, 0 hits, 0 errors, 0 left on base; Pulaski 0 - Oakland (APP) 0
TOP OF THE 2ND
Pulaski Yankees batting - Pitching for Oakland (APP) Athletics : RHP Chris Spice
Batting: LHB Aaron Caron 0-0: Foul Ball, location: 2F
0-1: Ball
1-1: Ball
2-1: Ball
3-1: Ground out 1-3 (Groundball, 23, EV 87.5 MPH)
Batting: RHB Bryan Shackelford 0-0: Ball
1-0: Called Strike
1-1: Ball
2-1: Foul Ball, location: 2F
2-2: Ball
3-2: Foul Ball, location: 2F
3-2: Foul Ball, location: 2F
3-2: Base on Balls
Batting: LHB Jelle Meppelink 0-0: Ball
1-0: SINGLE (Groundball, 4D, EV 108.8 MPH)
Bryan Shackelford to second
Bryan Shackelford to third
Batting: RHB Fernando Cruz 0-0: Called Strike
0-1: Fly out, F6 (Line Drive, 6, EV 75.0 MPH)
Batting: RHB Raul Bueno 0-0: Foul Ball, location: 2F
0-1: Called Strike
0-2: Ball
1-2: Foul Ball, location: 2F
1-2: Ball
2-2: Foul Ball, location: 2F
2-2: Foul Ball, location: 2F
2-2: DOUBLE (Line Drive, 9LM, EV 111.3 MPH)
Bryan Shackelford scores
Jelle Meppelink to third
Batting: RHB Gomes Povoena 0-0: Called Strike
0-1: Called Strike
0-2: Strikes out swinging
Top of the 2nd over - 1 run, 2 hits, 0 errors, 2 left on base; Pulaski 1 - Oakland (APP) 0
BOTTOM OF THE 2ND
Oakland (APP) Athletics batting - Pitching for Pulaski Yankees : LHP Andy Tofio
Batting: LHB Koson Hirai 0-0: Ball
1-0: Ball
2-0: Ball
3-0: Base on Balls
Batting: RHB Javier Garcia 0-0: Ball
1-0: Foul Ball, location: 2F
1-1: Ball
2-1: Foul Ball, location: 2F
2-2: Strikes out swinging
Batting: LHB Yoshinari Nara 0-0: Called Strike
0-1: Called Strike
0-2: Ball
1-2: SINGLE (Flyball, 7S, EV 98.8 MPH)
Koson Hirai to second
Batting: RHB Omar Quintana 0-0: Called Strike
Koson Hirai steals 3rd base
0-1: Ground out 4-3 (Groundball, 4S, EV 83.1 MPH)
Koson Hirai scores
Yoshinari Nara to second
Batting: LHB Clyde Saxton 0-0: Called Strike
0-1: Ball
1-1: Ball
2-1: SINGLE (Groundball, 34D, EV 99.4 MPH)
Yoshinari Nara to third
Runner from 3rd tries for Home, throw by RF and OUT! 9-2
Bottom of the 2nd over - 1 run, 2 hits, 0 errors, 1 left on base; Pulaski 1 - Oakland (APP) 1
TOP OF THE 3RD
Pulaski Yankees batting - Pitching for Oakland (APP) Athletics : RHP Chris Spice
Batting: RHB Victor Quinones 0-0: Called Strike
0-1: Ball
1-1: Foul Ball, location: 2F
1-2: Ball
2-2: Strikes out swinging
Batting: RHB Stephen Charbonneau 0-0: Ball
1-0: Called Strike
1-1: Fly out, F2 (Popup, 23F, EV 91.9 MPH)
Batting: LHB Yao-pang Tien 0-0: Foul Ball, location: 2F
0-1: Ball
1-1: Foul Ball, location: 2F
1-2: Foul Ball, location: 2F
1-2: Ball
2-2: Foul Ball, location: 2F
2-2: Fly out, F9 (Flyball, 9LSF, EV 86.3 MPH)
Top of the 3rd over - 0 runs, 0 hits, 0 errors, 0 left on base; Pulaski 1 - Oakland (APP) 1
BOTTOM OF THE 3RD
Oakland (APP) Athletics batting - Pitching for Pulaski Yankees : LHP Andy Tofio
Batting: LHB Robert Ibarra 0-0: Called Strike
0-1: Ball
1-1: Called Strike
1-2: Ball
2-2: Foul Ball, location: 2F
2-2: Foul Ball, location: 2F
2-2: Ground out U3 (Groundball, 3L, EV 93.8 MPH)
Batting: RHB Danny Murillo 0-0: Ball
1-0: Ball
2-0: Called Strike
2-1: Reached on error, E1 (Groundball, 15, EV 43.8 MPH)
Batting: LHB Dave Talbert 0-0: Called Strike
0-1: Ball
1-1: Ball
2-1: Ball
3-1: Base on Balls
Batting: RHB Stu Rancourt 0-0: Foul Ball, location: 2F
0-1: Foul Ball, location: 2F
0-2: Ball
1-2: Ball
Passed Ball!
Danny Murillo to third
Dave Talbert to second
2-2: Ball
3-2: Fly out, F3 (Line Drive, 3, EV 67.5 MPH)
Batting: LHB Koson Hirai 0-0: SINGLE (Groundball, 34D, EV 96.3 MPH)
Danny Murillo scores
Dave Talbert to third
Runner from 3rd tries for Home, SAFE, no throw by RF
Batting: RHB Javier Garcia 0-0: Called Strike
0-1: Ball
1-1: Foul Ball, location: 2F
1-2: Ball
2-2: Ball
3-2: Foul Ball, location: 2F
3-2: Base on Balls
Koson Hirai to second
Batting: LHB Yoshinari Nara 0-0: Called Strike
Javier Garcia is caught stealing 2nd base 2-6
Koson Hirai steals 3rd base
Bottom of the 3rd over - 2 runs, 1 hit, 1 error, 1 left on base; Pulaski 1 - Oakland (APP) 3
TOP OF THE 4TH
Pulaski Yankees batting - Pitching for Oakland (APP) Athletics : RHP Chris Spice
Batting: LHB Aaron Caron 0-0: Fly out, F7 (Flyball, 78D, EV 83.8 MPH)
Batting: RHB Bryan Shackelford 0-0: Ball
1-0: Foul Ball, location: 2F
1-1: Foul Ball, location: 2F
1-2: Strikes out swinging
Batting: LHB Jelle Meppelink 0-0: Ball
1-0: Ball
2-0: Called Strike
2-1: Called Strike
2-2: Foul Ball, location: 2F
2-2: Foul Ball, location: 2F
2-2: Ball
3-2: Fly out, F8 (Flyball, 8LM, EV 90.6 MPH)
Top of the 4th over - 0 runs, 0 hits, 0 errors, 0 left on base; Pulaski 1 - Oakland (APP) 3
BOTTOM OF THE 4TH
Oakland (APP) Athletics batting - Pitching for Pulaski Yankees : LHP Andy Tofio
Batting: LHB Yoshinari Nara 0-0: SOLO HOME RUN (Flyball, 89XD, EV 100.6 MPH), Distance : 389 ft
Batting: RHB Omar Quintana 0-0: Called Strike
0-1: Fly out, F8 (Flyball, 8RM, EV 85.0 MPH)
Batting: LHB Clyde Saxton 0-0: Ball
1-0: Swinging Strike
1-1: Ball
2-1: Swinging Strike
2-2: Strikes out swinging
Batting: LHB Robert Ibarra 0-0: Called Strike
0-1: Ball
1-1: Foul Ball, location: 2F
1-2: Ball
2-2: Foul Ball, location: 2F
2-2: Ball
3-2: Ground out 1-3 (Groundball, 34S, EV 86.3 MPH)
Bottom of the 4th over - 1 run, 1 hit, 0 errors, 0 left on base; Pulaski 1 - Oakland (APP) 4
TOP OF THE 5TH
Pulaski Yankees batting - Pitching for Oakland (APP) Athletics : RHP Chris Spice
Batting: RHB Fernando Cruz 0-0: Called Strike
0-1: Ball
1-1: Ball
2-1: Fly out, F7 (Flyball, 7S, EV 80.0 MPH)
Batting: RHB Raul Bueno 0-0: Called Strike
0-1: Ball
1-1: Swinging Strike
1-2: Strikes out swinging
Batting: RHB Gomes Povoena 0-0: Ball
1-0: Swinging Strike
1-1: Foul Ball, location: 2F
1-2: Strikes out swinging
Top of the 5th over - 0 runs, 0 hits, 0 errors, 0 left on base; Pulaski 1 - Oakland (APP) 4
BOTTOM OF THE 5TH
Oakland (APP) Athletics batting - Pitching for Pulaski Yankees : LHP Andy Tofio
Batting: RHB Danny Murillo 0-0: Called Strike
0-1: Foul Ball, location: 2F
0-2: Ball
1-2: Foul Ball, location: 2F
1-2: Ball
2-2: Strikes out swinging
Batting: LHB Dave Talbert 0-0: Called Strike
0-1: SINGLE (Line Drive, 8RS, EV 107.5 MPH)
Batting: RHB Stu Rancourt 0-0: Ball
1-0: Swinging Strike
1-1: Ball
2-1: Ball
3-1: Reached on error, E2 (Groundball, 15S, EV 71.9 MPH)
Dave Talbert to third
Batting: LHB Koson Hirai 0-0: Ball
1-0: SINGLE (Groundball, 6D, EV 95.0 MPH)
Dave Talbert scores
Stu Rancourt to third
Batting: RHB Javier Garcia 0-0: Ball
Wild Pitch!
Stu Rancourt scores
Koson Hirai to second
1-0: Ball
Passed Ball!
Koson Hirai to third
2-0: Called Strike
2-1: Swinging Strike
2-2: Foul Ball, location: 2F
2-2: Foul Ball, location: 2F
2-2: Strikes out swinging
Batting: LHB Yoshinari Nara 0-0: Called Strike
0-1: Ball
1-1: Foul Ball, location: 2F
1-2: Foul Ball, location: 2F
1-2: Ball
2-2: Foul Ball, location: 2F
2-2: Strikes out swinging
Bottom of the 5th over - 2 runs, 2 hits, 1 error, 1 left on base; Pulaski 1 - Oakland (APP) 6
TOP OF THE 6TH
Pulaski Yankees batting - Pitching for Oakland (APP) Athletics : RHP Chris Spice
Batting: RHB Victor Quinones 0-0: Called Strike
0-1: Ball
1-1: Foul Ball, location: 2F
1-2: Strikes out swinging
Batting: RHB Stephen Charbonneau 0-0: Foul Ball, location: 2F
0-1: Ball
1-1: Ball
2-1: Fly out, F7 (Flyball, 78D, EV 86.9 MPH)
Batting: LHB Yao-pang Tien 0-0: Ball
1-0: Ball
2-0: Swinging Strike
2-1: Ball
3-1: Reached on error, E8 (Flyball, 8RD, EV 101.9 MPH)
Batting: LHB Aaron Caron 0-0: Called Strike
0-1: Ball
1-1: SINGLE (Line Drive, 89M, EV 103.1 MPH)
Yao-pang Tien to third
Runner from 3rd tries for Home, SAFE, throw by RF to home
Batting: RHB Bryan Shackelford 0-0: Called Strike
Aaron Caron steals 2nd base
0-1: Ball
1-1: Foul Ball, location: 2F
1-2: Foul Ball, location: 2F
1-2: Ball
Wild Pitch!
Aaron Caron to third
2-2: Ball
3-2: Hit by Pitch
Batting: LHB Jelle Meppelink 0-0: Ball
1-0: Called Strike
1-1: Swinging Strike
1-2: Ball
2-2: SINGLE (Groundball, 56S, EV 65.0 MPH) (infield hit)
Aaron Caron scores
Bryan Shackelford to second
Batting: RHB Fernando Cruz 0-0: Fly out, F9 (Flyball, 9, EV 94.4 MPH)
Top of the 6th over - 2 runs, 2 hits, 1 error, 2 left on base; Pulaski 3 - Oakland (APP) 6
BOTTOM OF THE 6TH
Oakland (APP) Athletics batting - Pitching for Pulaski Yankees : LHP Andy Tofio
Batting: RHB Omar Quintana 0-0: Ball
1-0: Ball
2-0: Fly out, F7 (Flyball, 78M, EV 85.0 MPH)
Batting: LHB Clyde Saxton 0-0: Called Strike
0-1: Foul Ball, location: 2F
0-2: Foul Ball, location: 2F
0-2: Ground out 6-3 (Groundball, 6, EV 103.8 MPH)
Batting: LHB Robert Ibarra 0-0: Foul Ball, location: 2F
0-1: Called Strike
0-2: Foul Ball, location: 2F
0-2: Ball
1-2: Strikes out swinging
Bottom of the 6th over - 0 runs, 0 hits, 0 errors, 0 left on base; Pulaski 3 - Oakland (APP) 6
TOP OF THE 7TH
Pulaski Yankees batting - Pitching for Oakland (APP) Athletics : RHP Chris Spice
Batting: RHB Raul Bueno 0-0: Ball
1-0: Ball
2-0: Foul Ball, location: 2F
2-1: Ball
3-1: Fly out, F7 (Line Drive, 7, EV 90.0 MPH)
Batting: RHB Gomes Povoena 0-0: Ground out 5-3 (Groundball, 56, EV 86.3 MPH)
Batting: RHB Victor Quinones 0-0: Ball
1-0: Swinging Strike
1-1: Fly out, F8 (Flyball, 8RXD, EV 90.6 MPH)
Top of the 7th over - 0 runs, 0 hits, 0 errors, 0 left on base; Pulaski 3 - Oakland (APP) 6
BOTTOM OF THE 7TH
Oakland (APP) Athletics batting - Pitching for Pulaski Yankees : LHP Andy Tofio
Batting: RHB Danny Murillo 0-0: Foul Ball, location: 2F
0-1: Ball
1-1: Ball
2-1: Ball
3-1: Base on Balls
Batting: LHB Dave Talbert 0-0: Ball
1-0: Foul Ball, location: 2F
1-1: Ball
2-1: Fly out, F2 (Popup, 25F, EV 87.5 MPH)
Batting: RHB Stu Rancourt 0-0: Ball
Wild Pitch!
Danny Murillo to second
1-0: Intentional Walk
Batting: LHB Koson Hirai 0-0: Called Strike
0-1: Fly out, F8 (Line Drive, 8LM, EV 93.8 MPH)
Batting: RHB Javier Garcia 0-0: Ball
1-0: Fly out, F7 (Flyball, 7, EV 94.4 MPH)
Bottom of the 7th over - 0 runs, 0 hits, 0 errors, 2 left on base; Pulaski 3 - Oakland (APP) 6
TOP OF THE 8TH
Pulaski Yankees batting - Pitching for Oakland (APP) Athletics : RHP Chris Spice
Batting: RHB Stephen Charbonneau 0-0: Called Strike
0-1: Ground out 5-3 (Groundball, 56S, EV 67.5 MPH)
Batting: LHB Yao-pang Tien 0-0: Ball
1-0: Ball
2-0: Ball
3-0: Called Strike
3-1: Swinging Strike
3-2: Foul Ball, location: 2F
3-2: Ground out 1-3 (Groundball, 13, EV 68.1 MPH)
Pitching: LHP Max Lara
Batting: LHB Aaron Caron 0-0: Foul Ball, location: 2F
0-1: Foul Ball, location: 2F
0-2: Ground out 4-3 (Groundball, 4, EV 85.6 MPH)
Top of the 8th over - 0 runs, 0 hits, 0 errors, 0 left on base; Pulaski 3 - Oakland (APP) 6
BOTTOM OF THE 8TH
Oakland (APP) Athletics batting - Pitching for Pulaski Yankees : LHP Andy Tofio
Batting: LHB Yoshinari Nara 0-0: Ball
1-0: Swinging Strike
1-1: SINGLE (Line Drive, 8LS, EV 90.6 MPH)
Batting: RHB Omar Quintana 0-0: Ball
1-0: Foul Ball, location: 2F
1-1: Ball
2-1: SINGLE (Line Drive, 89S, EV 93.1 MPH)
Yoshinari Nara to second
Runner from 2nd tries for 3rd, SAFE, throw by RF made to third
Batting: LHB Clyde Saxton 0-0: DOUBLE (Groundball, 5L, EV 108.8 MPH)
Yoshinari Nara scores
Omar Quintana to third
Runner from 3rd tries for Home, SAFE, no throw by LF
Pitching: LHP Juan Becerra
Batting: LHB Robert Ibarra 0-0: Ball
1-0: Foul Ball, location: 2F
1-1: Foul Ball, location: 2F
1-2: Ball
2-2: Ball
3-2: Foul Ball, location: 2F
3-2: Foul Ball, location: 2F
3-2: Foul Ball, location: 2F
3-2: SINGLE (Line Drive, 4, EV 94.4 MPH)
Clyde Saxton to third
Batting: RHB Danny Murillo 0-0: Ball
1-0: Called Strike
1-1: Called Strike
1-2: Ball
2-2: Foul Ball, location: 2F
2-2: Strikes out swinging
Batting: LHB Dave Talbert 0-0: Swinging Strike
0-1: Ball
1-1: Foul Ball, location: 2F
1-2: Strikes out swinging
Batting: RHB Stu Rancourt 0-0: Ball
1-0: Called Strike
1-1: SINGLE (Groundball, 56D, EV 98.1 MPH)
Clyde Saxton scores
Robert Ibarra to second
Batting: LHB Koson Hirai 0-0: SINGLE (Groundball, 34D, EV 105.0 MPH)
Robert Ibarra to third
Stu Rancourt to second
Runner from 3rd tries for Home, SAFE, throw by RF to home
Batting: RHB Javier Garcia 0-0: Fielders Choice at 2nd, 5-4 (Groundball, 56, EV 105.0 MPH)
Bottom of the 8th over - 4 runs, 6 hits, 0 errors, 2 left on base; Pulaski 3 - Oakland (APP) 10
TOP OF THE 9TH
Pulaski Yankees batting - Pitching for Oakland (APP) Athletics : LHP Max Lara
Pinch Hitting: RHB Barry White 0-0: Ball
1-0: Called Strike
1-1: Swinging Strike
1-2: Ball
2-2: Ball
3-2: Foul Ball, location: 2F
3-2: SINGLE (Groundball, 6MD, EV 103.1 MPH)
Batting: LHB Jelle Meppelink 0-0: Called Strike
0-1: Foul Ball, location: 2F
0-2: Ball
1-2: Ball
2-2: Ball
3-2: Ground out 4-3 (Groundball, 34, EV 98.8 MPH)
Barry White to second
Pinch Hitting: RHB Eric Blais 0-0: Ball
1-0: Ball
2-0: Swinging Strike
2-1: Ball
3-1: Swinging Strike
3-2: Strikes out swinging
Batting: RHB Raul Bueno 0-0: Called Strike
0-1: Foul Ball, location: 2F
0-2: Ball
1-2: Strikes out looking
Top of the 9th over - 0 runs, 1 hit, 0 errors, 1 left on base; Pulaski 3 - Oakland (APP) 10
Tuesday, September 13th , 2022 - OOTP Baseball 23.7 Build 88